 Dungeon Crawl Stone Soup version 0.22-a0-417-g1387785 (webtiles) character file.

1381 galech the Chopper (level 8, 0/61 HPs)
             Began as a Gnoll Wanderer on May 14, 2018.
             Hit by a stone thrown by an orc warrior (11 damage)
             ... on level 6 of the Dungeon.
             The game lasted 00:11:49 (7140 turns).

galech the Chopper (Gnoll Wanderer)                 Turns: 7140, Time: 00:11:50

Health: 0/61       AC: 11    Str: 16    XL:     8   Next: 67%
Magic:  17/17      EV: 12    Int: 13    God:
Gold:   197        SH:  0    Dex: 22    Spells: 19/19 levels left

rFire    . . .     SeeInvis .   s - +3 hunting sling (flame)
rCold    . . .     Gourm    .   (no shield)
rNeg     . . .     Faith    .   a - +2 scale mail
rPois    +         Spirit   .   (no helmet)
rElec    .         Reflect  .   (no cloak)
rCorr    .         Harm     .   c - +0 pair of gloves
MR       .....                  m - +0 pair of boots
Stlth    ++........             (no amulet)
HPRegen  0.20/turn              v - ring of poison resistance
MPRegen  0.15/turn              j - +5 ring of dexterity

@: no status effects
A: distributed training, fangs 1, strong nose
a: no special abilities


You were on level 6 of the Dungeon.
You were not hungry.

You visited 1 branch of the dungeon, and saw 7 of its levels.

You collected 197 gold pieces.

Inventory:

Hand Weapons
 i - a +1 dagger of venom
 s - a +3 hunting sling of flaming (weapon)
 t - a +0 war axe
 E - a +2 flail of crushing
Missiles
 p - 68 bolts
 u - 165 arrows
 C - 43 stones (quivered)
Armour
 a - a +2 scale mail (worn)
 c - a +0 pair of gloves (worn)
 m - a +0 pair of boots (worn)
Jewellery
 e - an uncursed ring of magical power
 j - a +5 ring of dexterity (right hand)
 v - a ring of poison resistance (left hand)
Wands
 d - a wand of flame (24)
 q - a wand of clouds (4)
 A - a wand of disintegration (17)
 B - a wand of iceblast (5)
Scrolls
 b - a scroll of teleportation
 h - a scroll of immolation {unknown}
 n - a scroll of blinking {unknown}
 o - a scroll of enchant weapon
 r - a scroll of enchant armour {unknown}
 y - 5 scrolls of identify {unknown}
 D - a scroll of remove curse
Potions
 g - 4 potions of curing {unknown}
 k - 3 potions of heal wounds {unknown}
 l - 3 potions of berserk rage {unknown}
 w - 2 potions of might {unknown}
 x - a potion of brilliance {unknown}
 z - 2 potions of invisibility {unknown}
Comestibles
 f - 12 rations


   Skills:
 + Level 4.3 Fighting
 + Level 3.4 Short Blades
 + Level 3.4 Long Blades
 + Level 7.4 Axes
 + Level 3.4 Maces & Flails
 + Level 3.4 Polearms
 + Level 3.4 Staves
 + Level 3.4 Slings
 + Level 3.4 Bows
 + Level 3.4 Crossbows
 + Level 4.3 Throwing
 + Level 4.3 Armour
 + Level 3.4 Dodging
 + Level 3.4 Stealth
 + Level 4.3 Shields
 + Level 3.4 Unarmed Combat
 + Level 6.1 Spellcasting
 + Level 3.5 Conjurations
 + Level 2.8 Hexes
 + Level 2.8 Charms
 + Level 2.8 Summonings
 + Level 2.8 Necromancy
 + Level 2.8 Translocations
 + Level 2.8 Transmutations
 + Level 2.8 Fire Magic
 + Level 2.8 Ice Magic
 + Level 2.8 Air Magic
 + Level 2.8 Earth Magic
 + Level 2.8 Poison Magic
 + Level 3.7 Invocations
 + Level 3.4 Evocations


You had 19 spell levels left.
You didn't know any spells.
Your spell library contained the following spells:

 Spells                   Type           Power        Failure   Level  Hunger
 Magic Dart               Conj           ##..         13%         1    None
 Mephitic Cloud           Conj/Pois/Air  ##......     43%         3    ###....
 Passwall                 Tmut/Erth      ##........   26%         2    ##.....
 Sticks to Snakes         Tmut           ##......     26%         2    ##.....


Dungeon Overview and Level Annotations

Branches:
Dungeon (7/15)
 Temple: D:4-7

Altars:
Dithmenos
Kikubaaqudgha

Annotations:
D:5 Curus's ghost, novice MfTm


Innate Abilities, Weirdness & Mutations

Your experience applies equally to all skills.
You have very sharp teeth.
Your uncanny sense of smell can sniff out nearby items.


Message History

You are too injured to fight recklessly!
You are too injured to fight recklessly!
You are too injured to fight recklessly!
You are too injured to fight recklessly!
You are too injured to fight recklessly!
You are too injured to fight recklessly!
Firing (i - inventory)
C - 44 stones (quivered)
Press: ? - help, Shift-Dir - straight line, f/p - orc warrior
Aim: an orc warrior, wielding a halberd and wearing a plate armour (moderately wounded)
You shoot a stone.
The stone hits the orc warrior but does no damage.
The orc warrior is moderately wounded.
The orc warrior throws a stone.
The stone completely misses you.
The freed slave hits the orc warrior but does no damage.
The orc warrior throws a stone.
The stone hits you!
* * * LOW HITPOINT WARNING * * *
The freed slave closely misses the orc warrior.
You see here a stone.
The orc warrior throws a stone.
The stone hits you!
You die...

#.###........# ... #### ###
#[#..........# ....
..###....#............#
....###.#...##.###..........#
...........#........########
.##......... ..#......# ####
..........######...#..####...
.........................#.##
(...((po..(.@(...............
................##.......#.##
()(...#.#######.###....###.#
((..#.#......<#.# #........#
#.# # #.#.##....###...>#####
. ..................... .
.................#.###.
...##..##..##.....#.# #. .
##....####..........


You could see an orc warrior and a neutral freed slave (wandering).

Vanquished Creatures
  Pikel (D:5)
  3 slaves (D:5)
  3 ogres
  A scorpion (D:4)
  A crimson imp (D:5)
  2 howler monkeys
  A hound (D:4)
  A bullfrog skeleton (D:4)
  An orc priest (D:5)
  3 orc wizards
  2 worker ants
  Terence (D:2)
  4 iguanas
  A hound skeleton (D:4)
  3 gnolls (D:5)
  3 adders (D:3)
  A shadow imp (D:3)
  2 oozes
  2 worms
  A dart slug (D:1)
  4 leopard geckos
  14 orcs
  2 giant cockroaches
  9 goblins
  5 hobgoblins
  16 jackals
  3 quokkas
  A ball python (D:2)
  6 bats
  A jackal skeleton (D:4)
  6 kobolds
  A leopard gecko skeleton (D:4)
  A quokka skeleton (D:5)
  8 rats
114 creatures vanquished.

Notes
Turn   | Place    | Note
-------+----------+-------------------------------------------
     0 | D:1      | galech the Gnoll Wanderer began the quest for the Orb.
     0 | D:1      | galech set off with: a +2 scale mail, a +0 dagger, a ration
     0 | D:1      | Reached XP level 1. HP: 17/17 MP: 6/6
   317 | D:1      | Reached XP level 2. HP: 18/23 MP: 7/7
   805 | D:1      | Reached XP level 3. HP: 20/28 MP: 9/9
  1212 | D:1      | Reached skill level 5 in Spellcasting
  2329 | D:2      | Reached skill level 1 in Invocations
  2502 | D:2      | Noticed Terence
  2512 | D:2      | Killed Terence
  2512 | D:2      | Reached skill level 1 in Short Blades
  2512 | D:2      | Reached skill level 1 in Long Blades
  2512 | D:2      | Reached skill level 1 in Maces & Flails
  2512 | D:2      | Reached skill level 1 in Polearms
  2512 | D:2      | Reached skill level 1 in Staves
  2512 | D:2      | Reached skill level 1 in Slings
  2512 | D:2      | Reached skill level 1 in Bows
  2512 | D:2      | Reached skill level 1 in Crossbows
  2512 | D:2      | Reached skill level 1 in Dodging
  2512 | D:2      | Reached skill level 1 in Stealth
  2512 | D:2      | Reached skill level 1 in Unarmed Combat
  2512 | D:2      | Reached skill level 1 in Evocations
  2512 | D:2      | Reached XP level 4. HP: 16/34 MP: 11/11
  2920 | D:3      | Reached skill level 1 in Hexes
  2920 | D:3      | Reached skill level 1 in Charms
  2920 | D:3      | Reached skill level 1 in Summonings
  2920 | D:3      | Reached skill level 1 in Necromancy
  2920 | D:3      | Reached skill level 1 in Translocations
  2920 | D:3      | Reached skill level 1 in Transmutations
  2920 | D:3      | Reached skill level 1 in Fire Magic
  2920 | D:3      | Reached skill level 1 in Ice Magic
  2920 | D:3      | Reached skill level 1 in Air Magic
  2920 | D:3      | Reached skill level 1 in Earth Magic
  2920 | D:3      | Reached skill level 1 in Poison Magic
  3221 | D:3      | Reached XP level 5. HP: 19/40 MP: 12/12
  3844 | D:4      | You fall through a shaft for 3 floors!
  3929 | D:5      | Entered Level 5 of the Dungeon
  3933 | D:5      | Reached XP level 6. HP: 45/47 MP: 13/13
  4036 | D:5      | Found a shadowy altar of Dithmenos.
  4147 | D:6      | Noticed a slave
  4147 | D:6      | Noticed a slave
  4147 | D:6      | Noticed a slave
  4147 | D:6      | Noticed a slave
  4148 | D:6      | Noticed Pikel
  4636 | D:4      | Reached XP level 7. HP: 19/52 MP: 15/15
  5538 | D:5      | Found an ancient bone altar of Kikubaaqudgha.
  5546 | D:5      | Reached skill level 7 in Axes
  6284 | D:5      | Reached XP level 8. HP: 55/60 MP: 16/16
  7022 | D:5      | Killed Pikel
  7105 | D:5      | Noticed Curus's ghost (novice MfTm)
  7140 | D:6      | Hit by a stone thrown by an orc warrior

Vault maps used:
D:1:      sevenhm_arrival_forest_fort_large_2, serial_bayou_pond_e
D:2:      glass_columns_c, uniq_terence
D:3:      kb_forest_paths, first_ration
D:4:      minmay_misc_feat_four_crosses
D:5:      nicolae_dithmenos_shadow_blocks, minivault_11, corexii_corridor_pit,
          lemuel_tele_altar
D:6:      st_stairs_9, corexii_shack, palyth_stone_intersect, tso_altar,
          uniq_pikel
D:7:      temple_pool_b, serial_shops, shop, grunt_decor_arrowhead

Skill      XL: |  1  2  3  4  5  6  7  8 |
---------------+-------------------------+-----
Conjurations   | 2 3 |  3.5
Spellcasting   | 5 6 |  6.1
Invocations    | 1 2 3 |  3.7
Short Blades   | 1 2 3 |  3.4
Long Blades    | 1 2 3 |  3.4
Maces & Flails | 1 2 3 |  3.4
Polearms       | 1 2 3 |  3.4
Staves         | 1 2 3 |  3.4
Slings         | 1 2 3 |  3.4
Bows           | 1 2 3 |  3.4
Crossbows      | 1 2 3 |  3.4
Dodging        | 1 2 3 |  3.4
Stealth        | 1 2 3 |  3.4
Unarmed Combat | 1 2 3 |  3.4
Evocations     | 1 2 3 |  3.4
Hexes          | 1 2 |  2.8
Charms         | 1 2 |  2.8
Summonings     | 1 2 |  2.8
Necromancy     | 1 2 |  2.8
Translocations | 1 2 |  2.8
Transmutations | 1 2 |  2.8
Fire Magic     | 1 2 |  2.8
Ice Magic      | 1 2 |  2.8
Air Magic      | 1 2 |  2.8
Earth Magic    | 1 2 |  2.8
Poison Magic   | 1 2 |  2.8
Fighting       | 3 4 |  4.3
Throwing       | 3 4 |  4.3
Armour         | 3 4 |  4.3
Shields        | 3 4 |  4.3
Axes           | 7 |  7.4

Action                   |  1- 3 |  4- 6 |  7- 9 || total
-------------------------+-------+-------+-------++-------
Melee: Dagger            |   200 |    79 |       ||   279
       Bite              |    31 |    31 |     1 ||    63
       War axe           |       |   101 |    14 ||   115
       Punch             |       |       |     1 ||     1
 Fire: Hunting sling     |       |       |   143 ||   143
  Use: Scroll            |     4 |     2 |       ||     6
  Eat: Chunk             |     2 |     7 |     7 ||    16
       Ration            |     1 |       |       ||     1
Armor: Scale mail        |   134 |   116 |    37 ||   287
Dodge: Dodged            |   105 |   114 |    57 ||   276

Table legend:
 A = Spawn XP
 B = Non-spawn XP
 C = Spawn XP percentage of total XP
 D = Spawn monster count
 E = Non-spawn monster count
 F = Spawn count percentage of total count
 G = Total turns spent on level
                    A         B        C        D         E        F      G
               +---------+---------+-------+---------+---------+-------+---------
         Total |       0 |    1974 |   0.0 |       0 |     111 |   0.0 |  7140
               +---------+---------+-------+---------+---------+-------+---------
           D:1 |       0 |      49 |   0.0 |       0 |      23 |   0.0 |  1819
           D:2 |       0 |      61 |   0.0 |       0 |      15 |   0.0 |  1100
           D:3 |       0 |     100 |   0.0 |       0 |      25 |   0.0 |  1058
           D:4 |       0 |     588 |   0.0 |       0 |      22 |   0.0 |  1570
           D:5 |       0 |    1174 |   0.0 |       0 |      25 |   0.0 |  1434
           D:6 |       0 |       2 |   0.0 |       0 |       1 |   0.0 |   137
               +---------+---------+-------+---------+---------+-------+---------
